 Dungeon Crawl Stone Soup version 0.27-a0-1140-g099f9bb0e8 (webtiles) character file.

Game seed: 14017604609648211864

59 leviel the Skirmisher (level 3, -1/34 HPs)
             Began as a Minotaur Fighter on May 8, 2021.
             Slain by a sky beast (5 damage)
             ... on level 2 of the Dungeon.
             The game lasted 00:01:30 (1517 turns).

leviel the Skirmisher (Minotaur Fighter)            Turns: 1517, Time: 00:01:31

Health: -1/34      AC:  8    Str: 21    XL:     3   Next: 78%
Magic:  2/2        EV:  7    Int:  5    God:
Gold:   29         SH:  9    Dex:  9    Spells: 2/2 levels left

rFire    . . .     SeeInvis .   a - +0 war axe
rCold    . . .     Faith    .   c - +0 kite shield
rNeg     . . .     Spirit   .   b - +0 scale mail
rPois    .         Reflect  .   (helmet restricted)
rElec    .         Harm     .   (no cloak)
rCorr    .         Rampage  .   l - +0 pair of gloves
Will     .....                  (no boots)
Stlth    ..........             (no amulet)
HPRegen  0.11/turn              (no ring)
MPRegen  0.08/turn              (no ring)

@: mighty
A: horns 2, retaliatory headbutt
a: no special abilities


You were on level 2 of the Dungeon.
You visited 1 branch of the dungeon, and saw 2 of its levels.

You collected 29 gold pieces.

Inventory:

Hand Weapons
 a - a +0 war axe (weapon)
Armour
 b - a +0 scale mail (worn)
 c - a +0 kite shield (worn)
 l - a +0 pair of gloves (worn)
Scrolls
 e - a scroll of identify {unknown}
 h - a scroll of fog {unknown}
 j - 2 scrolls of immolation {unknown}
 k - a scroll of noise {unknown}
Potions
 f - 2 potions of resistance {unknown}
 g - a potion of magic {unknown}


   Skills:
 + Level 4.5 Fighting
 * Level 3.7 Axes
 - Level 3.9 Armour
 - Level 3.9 Shields


You had 2 spell levels left.
You didn't know any spells.
Your spell library was empty.

Dungeon Overview and Level Annotations

Branches:
Dungeon (2/15)

Altars:

Shops:
D:1 =


Innate Abilities, Weirdness & Mutations

You have a pair of horns on your head.
You reflexively headbutt those who attack you in melee.


Message History

You block the rat's attack.
You slash the rat!
You kill the rat!
No target in view!
You see here a rat corpse.
A sky beast comes into view.
A sky beast is nearby!
A sky beast is nearby!
A sky beast is nearby!
You closely miss the sky beast. The sky beast barely misses you.
The sky beast hits you but does no damage.
You barely miss the sky beast.
The sky beast flickers out of sight!
Deactivating autopickup; reactivate with Ctrl-A.
Something hits you but does no damage. x2
It was a potion of curing.
You feel better. Something hits you but does no damage.
You slash something! Your headbutt misses something. Something hits you.
Something shocks you.
You miss something. Something hits you. Something shocks you.
Something hits you but does no damage.
Your shield and scale mail prevent you from hitting something.
Something hits you but does no damage.
You closely miss something. Something hits you but does no damage.
Something hits you. Something shocks you.
Your shield prevents you from hitting something.
You block something's attack.
You feel very mighty all of a sudden. Something hits you but does no damage.
You miss something.
Something hits you but does no damage. x2
Your shield and scale mail prevent you from hitting something.
Your headbutt misses something. Something hits you but does no damage.
You miss something. Your headbutt misses something. Something hits you.
Something shocks you.
* * * LOW HITPOINT WARNING * * *
A sky beast appears from thin air!
Reactivating autopickup.
The sky beast hits you.
* * * LOW HITPOINT WARNING * * *
The sky beast shocks you.
You die...

# .# #########.#
........Y.# ### ##@##
####.#### #...##.#
#>..).... #.######.#.##.#
#......##
#........#....####.......#
#####..#####..............
#....#....#..........#
#.#..#.##..#........##
#.#....##.##.......###
#.#.#.##..##......## #


You could see a sky beast.

Vanquished Creatures
  2 adders (D:2)
  2 dart slugs (D:1)
  6 bats
  3 endoplasms (D:1)
  2 giant cockroaches
  A goblin (D:2)
  2 hobgoblins
  4 jackals (D:1)
  5 kobolds (D:1)
  A quokka (D:2)
  4 ball pythons
  A frilled lizard (D:1)
  4 rats
37 creatures vanquished.

Notes
Turn   | Place    | Note
-------+----------+-------------------------------------------
     0 | D:1      | leviel the Minotaur Fighter began the quest for the Orb.
     0 | D:1      | Reached XP level 1. HP: 19/19 MP: 0/0
   123 | D:1      | Reached XP level 2. HP: 21/27 MP: 1/1
   204 | D:1      | Reached skill level 4 in Fighting
   237 | D:1      | Found Kifael's Jewellery Boutique.
   671 | D:1      | Reached XP level 3. HP: 33/33 MP: 2/2
  1342 | D:2      | Found a faded altar of an unknown god.
  1502 | D:2      | Noticed a sky beast
  1517 | D:2      | Slain by a sky beast

Illustrated notes

Levels and vault maps discovered:
D:1:      minmay_arrival_loop, layout_basic, serial_shops,
          nicolae_shop_statue_plus, minmay_stone_trees_medium, minivault_25,
          minmay_pentomino_o4
D:2:      layout_loops_ring, basic_ecumenical_altar

Skill      XL: |  1  2 |
---------------+-------+-----
Fighting       | 4 |  4.5
Axes           | 3 |  3.7
Armour         | |  3.9
Shields        | |  3.9

Action                   || total
-------------------------++-------
Melee: War axe           ||    87
       Headbutt          ||    11
  Use: Potion            ||     2
Armor: Scale mail        ||    61
Dodge: Dodged            ||    26
Block: Kite shield       ||    45

Table legend: (Time is in decaauts)
 A = Elapsed time spent in this place.
 B = Non-inter-level travel time spent in this place.
 C = Inter-level travel time spent in this place.
 D = Time resting spent in this place.
 E = Time spent auto-exploring this place.
 F = Levels seen in this place.
 G = Mean time per level.
                   A        B        C        D        E       F      G
               +--------+--------+--------+--------+--------+-----+--------+
         Total |   1566 |   1564 |      2 |      2 |   1322 |   2 |  783.0 |
       Dungeon |   1566 |   1564 |      2 |      2 |   1322 |   2 |  783.0 |
               +--------+--------+--------+--------+--------+-----+--------+

Top non-repeatable levels by time:
     D:1: 1013 daAuts
     D:2: 553 daAuts
